[Event "*** Titled Tuesday Blitz"]
[Site "Chess.com"]
[Date "2019.01.01"]
[Round "8"]
[White "Fluffey"]
[Black "PrinceCharming92"]
[Result "1/2-1/2"]
[WhiteElo "2456"]
[BlackElo "2460"]
[TimeControl "180+2"]
[EndTime "14:58:12 PST"]
[Termination "Game drawn by agreement"]

1. Nf3 d5 2. g3 Nf6 3. Bg2 c6 4. O-O Bf5 5. d3 e6 6. Nh4 Bg6 7. Nxg6 hxg6 8. Nd2 Bc5 9. e4 O-O 10. e5 Nfd7 11. Nf3 Be7 12. h4 c5 13.
Re1 Nc6 14. Bf4 b5 15. Qd2 Nb6 16. g4 c4 17. d4 b4 18. c3 bxc3 19. bxc3 Na4 20.
h5 gxh5 21. gxh5 Rb8 22. Rab1 Qa5 23. Rxb8 Rxb8 24. Rc1 Rb2 25. Qe3 Rxa2 26. Bg5 Ba3 27. h6 Bxc1 28. Qxc1 Qxc3 29. Qf4 Qc2 30. Qg3 Nc3 31.
Qh4 Ne4 32. Be3 Nc3 33. Ng5 Ne2+ 34. Kh2 Qg6 35. h7+ Kh8 36. Bf3 Nexd4 37. Bh5 Rxf2+ 38. Bxf2 Qf5 39. Nxf7+ Qxf7 40. Bxf7 Nf3+ 41. Kg2 Nxh4+ 42.
Bxh4 Nxe5 43. Bxe6 c3 44. Bxd5 c2 45. Bg5 Nd3 46.
Be4 c1=Q 47. Bxc1 Nxc1 48. Kf3 Nb3 49. Ke3 Nc5 50. Bc2 Ne6 51. Ke4 Ng5+ 52. Kd5 Nxh7 53.
Kc6 Nf6 54. Kb7 g5 55. Kxa7 g4 56. Bd1 g3 57. Bf3 Kg7 58. Kb6 Kg6 59. Kc5 Kf5 60. Kd4 Kf4 61. Bg2 Ng4 62. Kd3 Ne3 63. Ba8 Ng4 64.
Ke2 Ne5 65. Bb7 Nc4 66. Ba8 Nd6 67. Bc6 Nf5 68. Ba8 Nd4+ 69. Kf1 Nf5 70. Kg2 Nh4+ 71. Kh3 Nf5 72. Kg2 Ne3+ 73. Kh3 Ng4 74. Kg2 Nf2 75.
Bb7 Nd3 76. Ba8 1/2-1/2

[Event "*** Titled Tuesday Blitz"]
[Site "Chess.com"]
[Date "2019.01.01"]
[Round "8"]
[White "WPWPWP-2015"]
[Black "m3alam"]
[Result "1-0"]
[WhiteElo "2312"]
[BlackElo "2126"]
[TimeControl "180+2"]
[EndTime "14:58:13 PST"]
[Termination "WPWPWP-2015 won on time"]

1. d4 g6 2. e4 Bg7 3. Nc3 c5 4. Nf3 cxd4 5. Nxd4 Nc6 6. Be3 Qa5 7. Be2 Nf6 8. O-O O-O 9. Nb3 Qc7 10. Nd5 Nxd5 11.
exd5 Ne5 12. Bd4 a5 13. a4 d6 14. Rc1 Bh6 15. f4 Nc4 16. Qd3 Nb6 17. Qb5 Nd7 18. Qd3 b6 19. c4 Nc5 20. Nxc5 bxc5 21. Bc3 Rb8 22. Rb1 Bf5 23. Qd2 Bxb1 24. Bxa5 Qb7 25. Rxb1 Qb3 26. Bc3 Qxa4 27. Qd3 Rb3 28. Bd1 Bxf4 29.
Qe4 Bh6 30. Bxb3 Qxb3 31. Qxe7 Qc2 32. Rf1 Bg7 33. Bxg7 Kxg7 34. Qxd6 Qxc4 35. Qe5+ Kg8 36. d6 Rd8 37. Rd1 Qc2 38. Qd5 c4 39. d7 Qxb2 40. Qxc4 Qb6+ 41. Kf1 Qb7 42. Qd4 Qb5+ 43. Kg1 Qh5 44. h3 Qe2 45. Kh2 Qe6 46. Rd3 h5 47.
Rd2 h4 48. Rd3 g5 49. Rd2 Qf5 50. Rd3 Kf8 51. Qd6+ Kg7 52. Rd5 Qf4+ 53. Qxf4 gxf4 54. Rf5 Rxd7 55. Rxf4 Kg6 56. Rxh4 f5 57. Rh8 Rd2 58.
Rg8+ Kh5 59. Kg3 f4+ 60. Kxf4 Rd4+ 61. Kf5 Kh4 62. Rg4+ Rxg4 63. hxg4 Kg3 64. g5 Kxg2 65. g6 1-0

[Event "*** Titled Tuesday Blitz"]
[Site "Chess.com"]
[Date "2019.01.01"]
[Round "8"]
[White "champ2005"]
[Black "Hrant_ChessMood"]
[Result "1-0"]
[WhiteElo "2658"]
[BlackElo "2933"]
[TimeControl "180+2"]
[EndTime "14:58:23 PST"]
[Termination "champ2005 won by resignation"]

1. e4 c5 2. Nf3 Nc6 3. d4 cxd4 4. Nxd4 g6 5. c4 Nf6 6. Nc3 d6 7. Be2 Nxd4 8. Qxd4 Bg7 9. Be3 O-O 10. Qd2 a5 11.
O-O a4 12. f3 Qa5 13. Rac1 Be6 14. Nd5 Qxd2 15. Nxe7+ Kh8 16. Bxd2 Rfe8 17. Nd5 Nxd5 18. cxd5 Bxd5 19. Bc4 Bxc4 20. Rxc4 Bxb2 21. Rb1 a3 22. Bc3+ Bxc3 23. Rxc3 Re7 24. Rbb3 Kg7 25. Rxa3 Rd8 26. Rd3 f5 27. exf5 gxf5 28. Ra5 Kf6 29. Rad5 Re6 30. R3d4 h6 31. Kf2 Rd7 32. a4 Kg6 33. Kg3 Rf6 34. Kf4 Rd8 35. g3 Rd7 36. h4 h5 37.
a5 Rd8 38. Rb4 Rd7 39. Rb6 Rc7 40. Rbxd6 Rc4+ 41. Ke5 Rxd6 42. Rxd6+ Kf7 43. Rf6+ Ke7 44. Rxf5 Ra4 45. Rg5 Rxa5+ 46. Ke4 Ra4+ 47. Kf5 Ra5+ 48. Kg6 Ra3 49. f4 b5 50. Kxh5 b4 51. g4 Rf3 52. f5 b3 53. Rg7+ Kf6 54. Rb7 Ke5 55. Rb5+ Kd4 56. Kg5 Kc4 57. Rb8 Rd3 58. h5 Kc3 59. h6 b2 60. h7 Rh3 61. Kg6 Rh1 62. g5 Kc2 63. f6 b1=Q 64. Rxb1 Kxb1 65. f7 Kc2 66. f8=Q 1-0

[Event "*** Titled Tuesday Blitz"]
[Site "Chess.com"]
[Date "2019.01.01"]
[Round "8"]
[White "DanielMieles1985"]
[Black "mishanick"]
[Result "1-0"]
[WhiteElo "2472"]
[BlackElo "2962"]
[TimeControl "180+2"]
[EndTime "14:58:58 PST"]
[Termination "DanielMieles1985 won by resignation"]

1. d4 Nf6 2. c4 e6 3. Nf3 d5 4.
Nc3 dxc4 5. e4 b5 6. e5 Nd5 7. Nxb5 Nb6 8. Be2 Nc6 9. O-O Be7 10. b3 cxb3 11. axb3 O-O 12. Qd3 a5 13. Qe4 Bb7 14. Qg4 Kh8 15. Rd1 Ba6 16. Qh5 Qd7 17. Bd3 g6 18. Qh6 Nb4 19. Bg5 N6d5 20. Bc4 Bxb5 21.
Bxb5 c6 22. Bc4 f5 23. exf6 Bxf6 24. Bxf6+ Rxf6 25. Ne5 Qe7 26. Bxd5 exd5 27. Re1 Qf8 28. Qxf8+ Rfxf8 29. Rec1 Rf6 30. f3 Kg7 31. Rc5 Rf4 32. Rd1 Ra6 33. g3 Rf8 34. f4 Rfa8 35. Ra1 Kf6 36.
Kf2 Ke6 37. Ke3 Kd6 38. Kd2 a4 39. bxa4 Rxa4 40. Rxa4 Rxa4 41. Nf7+ Kc7 42. Ng5 Na6 43. Rc2 Rxd4+ 44. Ke3 Ra4 45. Ne6+ Kd6 46. Nf8 c5 47.
Nxh7 Ra3+ 48. Kf2 Nb4 49. Re2 c4 50. f5 gxf5 51. Ng5 Nd3+ 52. Kg2 c3 53. Nf3 c2 54.
Rxc2 Nc5 55. Rd2 Ne4 56. Rb2 Kc5 57. h4 d4 58. h5 Ra6 59. Rb8 d3 60. Rd8 Ra2+ 61.
Kh3 Ra1 62. h6 Kb4 63. h7 Rh1+ 64. Nh2 Ng5+ 65. Kg2 Rxh2+ 66. Kxh2 Nxh7 67. Rxd3 Nf6 68. Rd6 Ng4+ 69. Kh3 Kc5 70. Rd8 Kc6 71. Kh4 Kc7 72. Rd2 Ne5 73. Rf2 Ng6+ 74. Kg5 Ne7 75. Rxf5 Kd6 76. Rf1 Nc6 77. Rf6+ Kd7 78. Rxc6 Kxc6 79. Kf6 Kd7 80. g4 Ke8 81. Kg7 Ke7 82. g5 Ke6 83. g6 Kf5 84. Kh7 Kg5 85. g7 Kh5 86. g8=Q Kh4 87. Qg6 1-0

[Event "*** Titled Tuesday Blitz"]
[Site "Chess.com"]
[Date "2019.01.01"]
[Round "8"]
[White "Korchmar_Vasiliy"]
[Black "GadimbayliA"]
[Result "1/2-1/2"]
[WhiteElo "2791"]
[BlackElo "2782"]
[TimeControl "180+2"]
[EndTime "14:59:00 PST"]
[Termination "Game drawn by agreement"]

1. d4 Nf6 2. c4 e5 3. dxe5 Ng4 4. Bf4 Nc6 5. Nf3 Bb4+ 6. Nbd2 Qe7 7. e3 Ngxe5 8. Be2 Nxf3+ 9. Bxf3 d6 10. O-O Bd7 11. Nb3 O-O-O 12. a3 Bc5 13. Nxc5 dxc5 14. b4 g5 15. Bg3 h5 16. Bxh5 Bf5 17. Qf3 Be4 18. Qxf7 Qxf7 19. Bxf7 Rhf8 20. Be6+ Kb8 21. bxc5 Rfe8 22.
Bg4 Na5 23. Rad1 Bd3 24. Rfe1 Nxc4 25. h4 Nxa3 26. hxg5 Nc2 27. Rxd3 Rxd3 28. Rb1 a5 29. c6 Nb4 30. cxb7 Rd5 31. Rc1 Na6 32. g6 Rg5 33.
Bf3 a4 34. Bf4 Rxg6 35. Bh5 Reg8 36. Bxg6 Rxg6 37. Rc4 Kxb7 38. Rxa4 c5 39. Kf1 Kb6 40.
Ra1 Kb5 41. Rb1+ Nb4 42. e4 Ka4 43. Bd2 Na2 44. f4 c4 45. f5 Rg8 46. e5 c3 47. Be3 c2 48. Ra1 Kb3 49. e6 Nc3 50. f6 Rh8 51. e7 Nd5 52. Bg5 Nxf6 53. Bxf6 Rh1+ 54. Kf2 Rxa1 55. e8=Q c1=Q 56. Qb5+ Ka3 57.
Qa5+ Kb3 58. Qxa1 Qf4+ 59. Kg1 Qe3+ 60. Kf1 Qd3+ 61. Kf2 Qd2+ 62. Kf3 Qd3+ 63. Kf4 Qd2+ 64. Kg3 Qe3+ 65. Kh4 Qf4+ 66. g4 Qh6+ 67. Kg3 Qe3+ 68.
Kg2 Qe2+ 69. Kh3 Qe3+ 70. Kh4 Qh6+ 71. Kg3 Qe3+ 72. Kh2 Qf2+ 73. Kh1 Qf3+ 74. Kh2 Qf2+ 75. Kh3 Qe3+ 76. Kg2 Qe2+ 77. Kg1 Qe3+ 78. Kf1 Qf3+ 79. Ke1 Qe3+ 80. Kd1 Qd3+ 81. Ke1 Qe3+ 82. Kf1 Qf3+ 1/2-1/2

[Event "*** Titled Tuesday Blitz"]
[Site "Chess.com"]
[Date "2019.01.01"]
[Round "8"]
[White "viktorko131"]
[Black "BrianWall"]
[Result "0-1"]
[WhiteElo "2092"]
[BlackElo "2235"]
[TimeControl "180+2"]
[EndTime "14:59:02 PST"]
[Termination "BrianWall won by resignation"]

1. e4 e5 2. Nf3 Nc6 3. Bb5 Nf6 4. O-O Ng4 5. d3 Bc5 6. Bg5 f6 7. Bd2 a6 8. Bc4 d6 9. h3 h5 10. Nh4 g5 11. Nf5 Nd4 12. hxg4 hxg4 13. Qxg4 Nxf5 14. exf5 Rh4 15. Qf3 Ke7 16. g3 g4 17. Qg2 Rh3 18. Nc3 Bxf5 19. Nd5+ Kd7 20. Be3 c6 21. Bxc5 cxd5 22.
Qxd5 Kc7 23. Be3 Qd7 24. Qg2 Rah8 25. f3 Qh7 26. fxg4 Bd7 27. Kf2 Rh2 28. Rh1 Rxg2+ 29. Kxg2 Qg7 30. Rxh8 Qxh8 31. Rf1 Bc6+ 32. Kf2 Qh2+ 33.
Ke1 Qxg3+ 34. Kd2 Qg2+ 35. Rf2 Qxg4 36. Rxf6 d5 37. Rf7+ Kd6 38. Bb3 d4 39. Bf2 Bf3 40. Rf6+ Kd7 41. c3 Qg2 42. Ke1 Qh1+ 43. Kd2 Qg2 44. Ke1 Bg4 45. Rf7+ Kc6 46. cxd4 exd4 47. Rf6+ Kc5 48. Rf4 Bf3 49. Bxd4+ Kc6 50. Bf2 Bd5 51.
Rf6+ Kc7 52. Bxd5 Qxd5 53. Rf4 Qxd3 54. Rd4 Qb1+ 55. Kd2 Qxb2+ 56. Ke3 Qxa2 57. Bg3+ Kc6 58. Rh4 Qe6+ 59. Kf4 a5 60. Bf2 Qf6+ 61. Kg3 Qc3+ 62. Kg2 b5 63. Rh6+ Kd7 64. Rb6 b4 65. Ra6 Qc7 66.
Rh6 Qb7+ 67. Kg1 Qd5 68. Rh7+ Kc6 69. Ra7 Kb5 70. Kf1 Qd1+ 71. Kg2 Qd5+ 72. Kg3 a4 73. Kf4 Qc4+ 74. Ke3 a3 75. Rb7+ Ka4 76. Be1 Qe6+ 77.
Kf2 Qf5+ 78. Kg1 Qg4+ 79. Kf2 Qf5+ 80. Kg1 Qe4 81. Rxb4+ Qxb4 82. Bxb4 Kxb4 0-1

[Event "*** Titled Tuesday Blitz"]
[Site "Chess.com"]
[Date "2019.01.01"]
[Round "8"]
[White "Nathan_Filgueiras"]
[Black "farzadbfd"]
[Result "0-1"]
[WhiteElo "2341"]
[BlackElo "2483"]
[TimeControl "180+2"]
[EndTime "14:59:04 PST"]
[Termination "farzadbfd won by resignation"]

1. e4 e5 2. Nf3 Nc6 3. Bc4 Bc5 4. O-O Nf6 5. d3 a6 6. Re1 d6 7. c3 h6 8. Bb3 O-O 9. Nbd2 Be6 10. Bc2 d5 11. exd5 Nxd5 12. Nxe5 Nxe5 13. Rxe5 Bd6 14. Re1 Qh4 15. Nf3 Qh5 16. d4 Bg4 17. h3 Bxf3 18.
Qxf3 Qxf3 19. gxf3 Nf4 20. h4 Rfe8 21. Bd2 h5 22.
Re4 Nd5 23. Rae1 Kf8 24. Kg2 Nf4+ 25. Kf1 Nd5 26. a3 b5 27. Bb3 Nb6 28. Kg2 Rab8 29. f4 f5 30. Rxe8+ Rxe8 31. Rxe8+ Kxe8 32. Kf3 Be7 33. Kg3 c6 34. Bd1 g6 35. Bf3 Kd7 36.
Bc1 Bd6 37. Be2 Ke7 38. Bd3 Kd7 39. b3 Nd5 40. c4 Nf6 41. f3 Ne8 42. a4 bxa4 43.
bxa4 Nc7 44. c5 Be7 45. Bc4 Ke8 46. Bd2 Bf6 47. Ba5 Kd7 48. Bc3 Nd5 49. Bxd5 cxd5 50.
Bb2 Kc6 51. Bc3 Kc7 52. Bb2 Kc6 53.
Ba1 Bd8 54. Kh3 Ba5 55. Kg2 Bd2 56. Kg3 Be1+ 57. Kg2 Bxh4 58. Bc3 Bd8 59. Kh3 Bc7 60. Kg3 g5 61. Bd2 g4 62. fxg4 hxg4 63. Be3 Bd8 64. Bd2 Bf6 65. Be3 Kd7 66. Kf2 Bh4+ 67. Ke2 Ke6 68.
Kd3 Bd8 69. Bd2 Bc7 70. Kc2 Kf7 71. Kd3 Kg6 72. Ke3 Kh5 73. Be1 Bb8 74. Bg3 Kg6 75. Bh4 Bc7 76. Be7 Kf7 77. Bh4 Ba5 78. Bg3 Ke6 79.
Bh4 Bc3 80. Bd8 Bb2 81. c6 Bc1+ 82. Ke2 Bxf4 83. c7 Kd7 84. Kf2 Bxc7 85. Bf6 f4 86.
Kg2 Ke6 87. Bg5 Kf5 88. Bh6 Ke4 89. Bg7 Bb6 0-1

[Event "*** Titled Tuesday Blitz"]
[Site "Chess.com"]
[Date "2019.01.01"]
[Round "8"]
[White "TrimitziosP7"]
[Black "Parhamov"]
[Result "1/2-1/2"]
[WhiteElo "2643"]
[BlackElo "2886"]
[TimeControl "180+2"]
[EndTime "14:59:26 PST"]
[Termination "Game drawn by agreement"]

1. Nf3 d5 2. c4 d4 3. g3 Nc6 4. Bg2 e5 5. d3 Nf6 6. O-O Be7 7. b4 Nxb4 8. Nxe5 O-O 9. a3 Na6 10. Nd2 Nc5 11. Rb1 Nfd7 12. Ndf3 Nb6 13. Nd2 Nca4 14.
Qe1 Nc3 15. Ra1 a5 16. Ne4 Nxe4 17. Bxe4 f6 18. Nf3 f5 19. Bd5+ Nxd5 20. cxd5 Qxd5 21.
a4 c5 22. Bf4 Bd7 23. Qd2 Bf6 24. Qa2 Qxa2 25. Rxa2 Rfe8 26. Rb1 Bc6 27. Kf1 h6 28. Nd2 Bd8 29. Nc4 Bd5 30. Rc2 Bxc4 31. Rxc4 b6 32. Rc2 Kf7 33. Rb5 Ke6 34. Bc1 Kd7 35. Ke1 g5 36. Kd1 Bc7 37. Bd2 Kc6 38. Bc1 Rad8 39. Ke1 Rd5 40. Kf1 Rg8 41. Kg2 h5 42. Bb2 f4 43. Rb3 Re8 44. Bc1 fxg3 45. fxg3 Rf5 46.
Bb2 Kd7 47. Bc1 h4 48. Rbb2 hxg3 49. hxg3 g4 50. Bd2 Ref8 51. Be1 Rh5 52. Bf2 Rfh8 53. Bg1 Rh2+ 54. Bxh2 Rh3 55. Rb1 Kc6 56. Re1 b5 57. axb5+ Kxb5 58. e3 dxe3 59. Rxe3 a4 60. Re4 Ba5 61.
Rxg4 Rh5 62. Rgc4 Rd5 63. Rb2+ Bb4 64. Rcc2 a3 65. Rb3 Ka4 66. Rb1 Rxd3 67. Bg1 Rb3 68.
Ra1 Kb5 69. g4 c4 70. g5 Rb2 71. Ra2 Bc3 72. g6 Kb4 73. Kf3 Bg7 74. Ke4 Kb3 75.
Rcxb2+ axb2 76. Rxb2+ Kxb2 77. Bd4+ Bxd4 78. Kxd4 c3 79. g7 c2 80. g8=Q c1=Q 81. Qb8+ Ka3 82. Qa7+ Kb4 83. Qb6+ Ka4 84. Qa6+ Kb4 85. Qb6+ 1/2-1/2

[Event "*** Titled Tuesday Blitz"]
[Site "Chess.com"]
[Date "2019.01.01"]
[Round "8"]
[White "PulpanJ"]
[Black "Zufi1811"]
[Result "1-0"]
[WhiteElo "2611"]
[BlackElo "2414"]
[TimeControl "180+2"]
[EndTime "14:59:26 PST"]
[Termination "PulpanJ won by resignation"]

1. g3 g6 2. Bg2 Bg7 3. d4 d5 4.
Nf3 Nh6 5. c4 c6 6. Nbd2 Nf5 7. e3 O-O 8. O-O Nd6 9. b3 Bf5 10.
Bb2 Bd3 11. Re1 dxc4 12. Ne5 Bf5 13. Ndxc4 Nd7 14. Nxd7 Qxd7 15. Rc1 Rad8 16. Qe2 Rfe8 17. Red1 Bg4 18. Bf3 Bxf3 19. Qxf3 Qf5 20. Kg2 Ne4 21. Nd2 Qxf3+ 22. Kxf3 Nxd2+ 23. Rxd2 Rd7 24. Ke2 Red8 25.
Rdc2 e6 26. Ba3 e5 27. dxe5 Bxe5 28. Bb2 Bxb2 29. Rxb2 Kf8 30. h4 Ke7 31. h5 Rd5 32. hxg6 hxg6 33. b4 R8d7 34. a4 a6 35. Rc5 Kd6 36. Rc4 Kc7 37. b5 axb5 38. axb5 Kd6 39. bxc6 bxc6 40. Rb6 Rc7 41. Ra6 Rc5 42. Rd4+ Rd5 43.
Rc4 Rc5 44. Rf4 f5 45. g4 Ke5 46. gxf5 gxf5 47. Ra8 Rb7 48. Rf8 Ke6 49. Kf3 Rb2 50. Kg3 Rd5 51. Rc8 Kd7 52. Rh8 Rb1 53. Rh5 Ke6 54.
Rh6+ Kd7 55. Ra4 Rg1+ 56. Kf3 Kc7 57. Ra6 Rc1 58. Rh7+ Kb8 59. Rb6+ Ka8 60. Rbb7 Rb5 61. Ra7+ Kb8 62. Raf7 Ka8 63. Rh8+ Rb8 64. Rh5 Rb5 65.
Rhxf5 Rxf5+ 66. Rxf5 Kb7 67. e4 Kc7 68. Ke3 Kd6 69.
f4 Re1+ 70. Kd3 Rd1+ 71. Kc2 Rd4 72. Re5 Ra4 73. Kd3 Ra3+ 74. Ke2 Ra2+ 75. Kf3 Ra3+ 76. Kg4 c5 77. Rd5+ Kc6 78. f5 c4 79. Rd8 Kc5 80. f6 Ra1 81. Kf5 Rf1+ 82. Ke6 c3 83. e5 Kb4 84. Ke7 c2 85. Rb8+ Ka3 86. Rc8 c1=Q 87. Rxc1 Rxc1 88. f7 1-0

[Event "*** Titled Tuesday Blitz"]
[Site "Chess.com"]
[Date "2019.01.01"]
[Round "8"]
[White "Orest_Vovk"]
[Black "MFBerna"]
[Result "0-1"]
[WhiteElo "2390"]
[BlackElo "2348"]
[TimeControl "180+2"]
[EndTime "14:59:56 PST"]
[Termination "MFBerna won on time"]

1. g4 e5 2. Bg2 Nc6 3. h3 h5 4. gxh5 Bc5 5. d3 d6 6. Nc3 Nf6 7. h6 gxh6 8. Nf3 Be6 9. Be3 Qe7 10. Bxc5 dxc5 11. Qd2 O-O-O 12. Qe3 Nd4 13. O-O-O Nxf3 14. Bxf3 Nd7 15. Qe4 c6 16. Rdg1 f5 17. Qa4 Kb8 18. Rg6 Rdg8 19. Rhg1 Rxg6 20. Rxg6 Nb6 21. Qa5 Bf7 22. Rg1 Nd7 23. Qa4 Rg8 24. Rxg8+ Bxg8 25. h4 c4 26. Qa5 cxd3 27. cxd3 Qxh4 28. Kc2 Qe7 29. Bh5 Nb6 30. b3 Nc8 31. Bg6 Qf6 32.
Be8 Qd6 33. Qa4 Qc7 34. Qh4 Nd6 35. Bg6 Qg7 36. Qh5 Be6 37. Be8 Bf7 38. Bxf7 Qxf7 39. Qxh6 Kc7 40. Qh8 e4 41. Qe5 exd3+ 42. exd3 Qd7 43.
f4 Kc8 44. a4 a6 45. Qh8+ Kc7 46. Qe5 Kb8 47. d4 Ka8 48. d5 cxd5 49. Qxd5 Qc7 50. Kb2 Qb6 51. Ka3 Qc7 52. Kb2 Qb6 53. Qd2 Qb4 54. Qd5 Qb6 55. Qg8+ Ka7 56. Qd5 Qf2+ 57.
Ka3 Qxf4 58. Qc5+ Kb8 59. Nd5 Qe5 60. Qc7+ Ka7 61. Qc5+ Kb8 62. Qc7+ Ka7 63. Qc5+ Kb8 64. Ka2 Qe2+ 65. Ka3 Qe6 66. Ka2 Nc8 67. Qc7+ Ka7 68. Qc5+ Kb8 69. Qc7+ Ka8 70. Nf4 Qc6 71. Qe5 Qc2+ 72.
Ka3 Qc1+ 73. Ka2 Qd2+ 74. Ka3 Qd6+ 75. Qxd6 Nxd6 76. Kb4 b6 77. Kc3 Kb7 78. Kd4 Kc6 79.
Ne6 Nf7 80. Nf4 Kd6 81. Nd3 Nd8 82. Ke3 Ne6 83. b4 Kd5 84. b5 axb5 85. axb5 Kc4 86. Nb2+ Kxb5 87. Kd3 Kc5 88. Kc3 b5 89. Nd3+ Kd5 90.
Kb4 Nd4 91. Nf4+ Ke4 92. Ng6 f4 93. Nh4 f3 94. Kc3 f2 0-1

[Event "*** Titled Tuesday Blitz"]
[Site "Chess.com"]
[Date "2019.01.01"]
[Round "9"]
[White "Qingdom"]
[Black "TheoSlade"]
[Result "1-0"]
[WhiteElo "2156"]
[BlackElo "2054"]
[TimeControl "180+2"]
[EndTime "15:02:52 PST"]
[Termination "Qingdom won by resignation"]

1. d4 Nf6 2. Bg5 d5 3. e3 c5 4.
Nf3 e6 5. c4 Be7 6. Nc3 cxd4 7.
exd4 dxc4 8. Bxc4 O-O 9. O-O Nbd7 10. Qe2 Nb6 11. Bb3 Nbd5 12. Rad1 b6 13. Nxd5 Nxd5 14.
Bxd5 1-0

[Event "*** Titled Tuesday Blitz"]
[Site "Chess.com"]
[Date "2019.01.01"]
[Round "9"]
[White "tgpgoat"]
[Black "ChessMavenYeti"]
[Result "1-0"]
[WhiteElo "1994"]
[BlackElo "2086"]
[TimeControl "180+2"]
[EndTime "15:03:27 PST"]
[Termination "tgpgoat won by checkmate"]

1. e4 e6 2. d4 d5 3. Nd2 c5 4.
Ngf3 cxd4 5. Nxd4 Nf6 6. exd5 Qxd5 7. N2b3 Bd7 8. Be2 Nc6 9. Bf3 Qe5+ 10. Be3 O-O-O 11.
O-O Nxd4 12. Bxd4 Qb8 13. Qe2 Bc6 14. Bxc6 bxc6 15. Na5 c5 16. Qa6+ Kc7 17. Qc6# 1-0

[Event "*** Titled Tuesday Blitz"]
[Site "Chess.com"]
[Date "2019.01.01"]
[Round "9"]
[White "yobdc"]
[Black "Vegan4future"]
[Result "0-1"]
[WhiteElo "2172"]
[BlackElo "2348"]
[TimeControl "180+2"]
[EndTime "15:03:35 PST"]
[Termination "Vegan4future won by resignation"]

1. e4 e5 2. Nf3 d6 3. d4 exd4 4. Nxd4 Nf6 5. Nc3 Be7 6. g3 O-O 7. Bg2 Nc6 8. Nxc6 bxc6 9. e5 Nd7 10. exd6 Bxd6 11. Bxc6 Re8+ 12. Be3 Ba6 13. Qd2 Ne5 14. Bxa8 Qxa8 15. O-O-O Bc4 16. b3 Nf3 17. Qxd6 cxd6 18.
bxc4 Qc6 19. Nb5 Qxc4 20. Nxd6 Qxa2 0-1

[Event "*** Titled Tuesday Blitz"]
[Site "Chess.com"]
[Date "2019.01.01"]
[Round "9"]
[White "andresgv36"]
[Black "vladimirdamjanovic"]
[Result "0-1"]
[WhiteElo "2358"]
[BlackElo "2590"]
[TimeControl "180+2"]
[EndTime "15:03:39 PST"]
[Termination "vladimirdamjanovic won by resignation"]

1. d4 Nf6 2. Bf4 c5 3. d5 d6 4. Nc3 g6 5. e4 Bg7 6. h3 O-O 7. Nf3 b5 8. e5 dxe5 9. Nxe5 b4 10.
Na4 Nxd5 11. Bh2 Qd6 12. Be2 Bxe5 13. Bf3 Bb7 0-1

[Event "*** Titled Tuesday Blitz"]
[Site "Chess.com"]
[Date "2019.01.01"]
[Round "9"]
[White "NemtsevIgor"]
[Black "florianschwabeneder"]
[Result "0-1"]
[WhiteElo "2301"]
[BlackElo "2460"]
[TimeControl "180+2"]
[EndTime "15:04:16 PST"]
[Termination "florianschwabeneder won by resignation"]

1. d4 e6 2. e4 d5 3. Be3 dxe4 4. f3 exf3 5. Nxf3 c5 6. c3 cxd4 7.
cxd4 Nf6 8. Bd3 Nc6 9. O-O Be7 10. Nc3 O-O 11. Qe1 Nb4 12. Bb1 Nbd5 13. Kh1 Nxe3 14. Qxe3 b6 15. Ne5 Bb7 16. Bc2 Rc8 17. Rad1 Nd5 18.
Qh3 g6 19. Bxg6 hxg6 20. Nxg6 fxg6 21. Qxe6+ Kg7 22. Rxf8 Bxf8 23. Rf1 Qe7 24. Qg4 Nxc3 25. bxc3 Rxc3 0-1

[Event "*** Titled Tuesday Blitz"]
[Site "Chess.com"]
[Date "2019.01.01"]
[Round "9"]
[White "VerdeNotte"]
[Black "jerom555888"]
[Result "1-0"]
[WhiteElo "2843"]
[BlackElo "2705"]
[TimeControl "180+2"]
[EndTime "15:05:17 PST"]
[Termination "VerdeNotte won by resignation"]

1. g3 d6 2. Bg2 e5 3. b3 f5 4. Bb2 c5 5. e3 Nc6 6. Ne2 g6 7. d4 exd4 8. Bxc6+ bxc6 9. Nxd4 cxd4 10. Qxd4 Nf6 11. Qxf6 Qxf6 12. Bxf6 Rg8 13. Nd2 a5 14.
Nc4 Ra6 15. O-O-O d5 16. Nb2 Ba3 17. Kb1 Kf7 18. Bc3 g5 19. Rd4 Be6 20. Ra4 Bxb2 21. Kxb2 Rga8 22. f4 g4 23. h3 Kg6 24. hxg4 fxg4 25.
e4 dxe4 26. Rxe4 Bd5 27. f5+ Kg5 28. Bd2+ Kxf5 29. Rf4+ Ke5 30. Rh6 Bf3 31. Bc3+ Kd5 32. Rf5+ 1-0

[Event "*** Titled Tuesday Blitz"]
[Site "Chess.com"]
[Date "2019.01.01"]
[Round "9"]
[White "mitrabhaa"]
[Black "Korchmar_Vasiliy"]
[Result "0-1"]
[WhiteElo "2613"]
[BlackElo "2795"]
[TimeControl "180+2"]
[EndTime "15:05:23 PST"]
[Termination "Korchmar_Vasiliy won by resignation"]

1. Nf3 c5 2. g3 Nc6 3. Bg2 g6 4.
O-O Bg7 5. c4 e5 6. Nc3 Nge7 7.
a3 a5 8. d3 d6 9. Ne1 Be6 10. Nd5 O-O 11. Nc2 Rb8 12. Bd2 b5 13. Bc3 Qd7 14. Nce3 f5 15. Nxe7+ Nxe7 16. cxb5 Rxb5 17.
a4 Rbb8 18. Nc4 Nc6 19. Qd2 Nd4 20. Nxa5 f4 21. e3 f3 22. Bh1 Ne2+ 23. Qxe2 fxe2 24. Rfe1 Bg4 25. Nc4 Qf7 26. f4 exf4 27. gxf4 Bxc3 28. bxc3 Qf6 29. a5 Qxc3 30. Kf2 Qxd3 31. Rec1 e1=Q+ 0-1

[Event "*** Titled Tuesday Blitz"]
[Site "Chess.com"]
[Date "2019.01.01"]
[Round "9"]
[White "penguingm1"]
[Black "ramses135"]
[Result "0-1"]
[WhiteElo "2780"]
[BlackElo "2514"]
[TimeControl "180+2"]
[EndTime "15:05:37 PST"]
[Termination "ramses135 won by resignation"]

1. d4 f5 2. Nf3 Nf6 3. g3 g6 4. Bg2 Bg7 5. O-O O-O 6. b3 d6 7. Bb2 Qe8 8. Nbd2 Nc6 9. Re1 e5 10. dxe5 dxe5 11. e4 f4 12. gxf4 Nh5 13. fxe5 Nf4 14.
Nc4 Bg4 15. Ne3 Bh5 16. Bh1 Rd8 17. Nd5 Nh3+ 18. Kf1 Nxe5 19. Re3 c6 20. Qd4 Bxf3 21. Bxf3 Rd7 0-1

[Event "*** Titled Tuesday Blitz"]
[Site "Chess.com"]
[Date "2019.01.01"]
[Round "9"]
[White "m3alam"]
[Black "sandager"]
[Result "1-0"]
[WhiteElo "2131"]
[BlackElo "2006"]
[TimeControl "180+2"]
[EndTime "15:05:39 PST"]
[Termination "m3alam won by resignation"]

1. d4 Nf6 2. g3 g6 3. Bg2 Bg7 4. Nf3 O-O 5. O-O d5 6. c4 c6 7. cxd5 cxd5 8. Nc3 Ne4 9. Ne5 Nxc3 10. bxc3 Nc6 11.
Nd3 Bf5 12. Qb3 e6 13. Qxb7 Na5 14. Qa6 Nc4 15. Rb1 Rb8 16. Bf4 Rb6 17. Qxa7 Qa8 18. Qxa8 Rxa8 19. Rxb6 Nxb6 20. Nb4 Nc4 21. Re1 Bf8 22.
e4 dxe4 23. Bxe4 Bxe4 24. Rxe4 Bxb4 25. cxb4 Rxa2 26. Bh6 Rb2 27. d5 Nd6 28. Rd4 Nf5 29.
dxe6 Nxd4 30. e7 Rb1+ 31. Kg2 Re1 32. Be3 1-0

[Event "*** Titled Tuesday Blitz"]
[Site "Chess.com"]
[Date "2019.01.01"]
[Round "9"]
[White "swisspower96"]
[Black "MatthewG-p4p"]
[Result "0-1"]
[WhiteElo "2530"]
[BlackElo "2643"]
[TimeControl "180+2"]
[EndTime "15:05:41 PST"]
[Termination "MatthewG-p4p won by resignation"]

1. d4 Nf6 2. c4 c5 3. d5 e6 4. Nc3 exd5 5. cxd5 d6 6. Nf3 g6 7. Bf4 Bg7 8. Qa4+ Bd7 9. Qb3 b5 10. Bxd6 Qb6 11. Be5 O-O 12. e3 c4 13. Qc2 Bf5 14.
Qd2 b4 15. Nd1 Rc8 16. Qd4 Nbd7 17. Bg3 c3 18. bxc3 bxc3 19. Qxb6 axb6 20. Rc1 Nxd5 21. Bb5 c2 22. O-O cxd1=Q 23. Rcxd1 N7f6 24. Nd4 Nc3 25. Rd2 Nfe4 26. Rb2 Nxg3 27. hxg3 Bxd4 28. exd4 Nxb5 29. Rxb5 Bd3 0-1

[Event "*** Titled Tuesday Blitz"]
[Site "Chess.com"]
[Date "2019.01.01"]
[Round "9"]
[White "Supernotar"]
[Black "BrianWall"]
[Result "1-0"]
[WhiteElo "2463"]
[BlackElo "2222"]
[TimeControl "180+2"]
[EndTime "15:05:42 PST"]
[Termination "Supernotar won by resignation"]

1. d4 Nc6 2. c4 e5 3. dxe5 Nxe5 4. e3 Nf6 5. Nc3 Bb4 6. Bd2 O-O 7. a3 Be7 8. Be2 Re8 9. Nf3 d6 10. O-O Bf5 11. Nd4 Bg6 12. b3 Ne4 13. Nxe4 Bxe4 14.
f3 Bc6 15. e4 Bd7 16. Bc3 Nc6 17. Qd2 Bf6 18. Rad1 Nxd4 19. Bxd4 Bxd4+ 20. Qxd4 b6 21. Rd2 Qe7 22. Rfd1 Qe5 23. Bf1 Qxd4+ 24. Rxd4 a5 25. Kf2 f6 26. h4 Bc6 27. g3 h6 28. Bh3 Re7 29. R4d2 Bd7 30. Bxd7 Rxd7 31. h5 Re7 32. g4 Kf7 33. Rd5 Rae8 34. R1d2 Re5 35. Ke3 Rxd5 36.
cxd5 Ke7 37. Kd4 Kd7 38. Kc4 c6 39. dxc6+ Kxc6 40. a4 Re5 41. Rd5 Rxd5 42. exd5+ Kc7 43. Kb5 Kb7 44. f4 f5 45. gxf5 Kc7 46. Ka6 Kd7 47.
Kxb6 Ke7 48. Kxa5 Kf6 49. b4 Kxf5 50. b5 Ke4 51. b6 Kxd5 52. b7 1-0

[Event "*** Titled Tuesday Blitz"]
[Site "Chess.com"]
[Date "2019.01.01"]
[Round "9"]
[White "evgenyermolaev"]
[Black "wannabe2700"]
[Result "0-1"]
[WhiteElo "2482"]
[BlackElo "2551"]
[TimeControl "180+2"]
[EndTime "15:05:49 PST"]
[Termination "wannabe2700 won by resignation"]

1. e4 e6 2. d4 d5 3. Nc3 Nf6 4. e5 Nfd7 5. Nf3 c5 6. dxc5 Nc6 7. Bf4 Nxc5 8. Be2 Be7 9. O-O a6 10. Re1 d4 11. Nb1 g5 12. Bg3 h5 13. h3 g4 14. hxg4 hxg4 15. Nh2 Bh4 16. Nxg4 Bxg3 17.
fxg3 Qg5 18. Bf3 Bd7 19. Bxc6 Bxc6 20. Nf6+ Kf8 21. Qxd4 Qxg3 22. Qxc5+ Kg7 23. Re2 Qh2+ 24. Kf1 Qf4+ 25. Rf2 Bb5+ 26. Kg1 Qc1+ 0-1